[Event "Team 45 45 League T67"]
[Site "Internet Chess Club"]
[Date "2015.12.15"]
[Round "2"]
[White "JasonModer"]
[Black "JJ12"]
[Result "1-0"]
[WhiteElo "1899"]
[BlackElo "2022"]
[Opening "QGD: exchange, positional line"]
[ECO "D35"]
[Time "18:31:49"]
[TimeControl "2700+45"]

1. d4 Nf6 2. c4 e6 3. Nc3 d5 4. cxd5 exd5 5. Bg5 Be7 6. e3 c6 7. Bd3 O-O 8. Nf3
Re8 9. Qc2 Nbd7 10. O-O Nf8 11. h3 g6 12. Rab1 a5 13. a3 Ne6 14. Bh4 Nh5 15.
Bxe7 Qxe7 16. Rfe1 Bd7 17. Na4 f6 18. Nb6 Ra7 19. b4 axb4 20. axb4 Qd8 21. Nxd7
Qxd7 22. b5 Rea8 23. Rec1 Nd8 24. Bxg6 hxg6 25. Qxg6+ Ng7 26. Qxf6 Qe6 27. Qf4
Qf5 28. Qg3 cxb5 29. Nh4 Qd3 30. Ng6 Nc6 31. Nf4 Qf5 32. Rxb5 Rd8 33. Rcc5 Ne7
34. Rc7 Qf7 35. Qg5 Re8 36. Nxd5 Kf8 37. Nf6 Rd8 38. Qh4 Qe6 39. Re5 Ng6 40.
Nh7+ {Black resigns} 1-0

[Event "Team 45 45 League T67"]
[Site "Internet Chess Club"]
[Date "2015.12.12"]
[Round "2"]
[White "The7thGuest"]
[Black "vjbaker"]
[Result "1-0"]
[WhiteElo "1948"]
[BlackElo "1779"]
[Opening "English opening"]
[ECO "A20"]
[Time "09:00:37"]
[TimeControl "2700+45"]

1. c4 e5 2. g3 Nc6 3. Bg2 Bc5 4. Nc3 d6 5. Nf3 Nge7 6. O-O O-O 7. Na4 Bd4 8. e3
Bb6 9. Nxb6 axb6 10. d4 exd4 11. Nxd4 d5 12. Nxc6 bxc6 13. cxd5 cxd5 14. b3 Bb7
15. Bb2 Qd6 16. Qg4 Ng6 17. Rfd1 f5 18. Qf3 c6 19. Qe2 Ba6 20. Qd2 Rfe8 21. Qd4
Qc7 22. Rdc1 Bb7 23. Bxd5+ Kh8 24. Bxc6 Rad8 25. Bxe8 Qe7 26. Qxg7+ Qxg7 27.
Bxg7+ Kxg7 28. Rc7+ Kf8 29. Bxg6 Be4 30. Rxh7 Kg8 31. Rh4 Kg7 32. Rxe4 fxe4 33.
Bxe4 Rd2 34. a4 Kf6 35. b4 Ke5 36. Bf3 Rb2 37. a5 Rxb4 38. a6 {Black resigns}
1-0

[Event "Team 45 45 League T67"]
[Site "Internet Chess Club"]
[Date "2015.12.11"]
[Round "2"]
[White "ausya"]
[Black "JPSVI"]
[Result "0-1"]
[WhiteElo "1694"]
[BlackElo "1622"]
[Opening "French: Fort Knox variation"]
[ECO "C03"]
[Time "20:02:12"]
[TimeControl "2700+45"]

1. e4 e6 2. d4 d5 3. Nd2 dxe4 4. Nxe4 Bd7 5. Nf3 Bc6 6. Bd3 Nd7 7. O-O Ngf6 8.
Nxf6+ Nxf6 9. Bf4 Rc8 10. Re1 Bxf3 11. Qxf3 Qd5 12. Qxd5 Nxd5 13. Bd2 Be7 14.
Be4 c6 15. c4 Nf6 16. Bf3 Rd8 17. Bc3 O-O 18. Rad1 Rfe8 19. a3 Rd7 20. b4 Bd8
21. d5 cxd5 22. Bxf6 Bxf6 23. cxd5 e5 24. Be4 g6 25. g4 Bg7 26. Rd2 Rc8 27. g5
Bf8 28. Bf3 Rc3 29. Re3 Rxe3 30. fxe3 Bd6 31. Rc2 Rc7 32. Rxc7 Bxc7 33. Kf2 Bd6
34. Ke2 Kg7 35. Kd3 h6 36. gxh6+ Kxh6 37. Kc4 a6 38. a4 f5 39. Bg2 e4 40. h3 b6
41. b5 a5 42. Kc3 Kh5 43. Kd2 Kh4 44. Ke2 Kg3 45. Bf1 g5 46. Kd2 Kf2 47. Bc4 g4
{White resigns} 0-1

[Event "Team 45 45 League T67"]
[Site "Internet Chess Club"]
[Date "2015.12.12"]
[Round "2"]
[White "SlimeDog2"]
[Black "ChessHouston"]
[Result "1-0"]
[WhiteElo "2017"]
[BlackElo "1940"]
[Opening "Queen's Indian: Petrosian system"]
[ECO "E12"]
[Time "22:00:41"]
[TimeControl "2700+45"]

1. d4 Nf6 2. c4 e6 3. Nf3 b6 4. a3 Bb7 5. Nc3 Be7 6. d5 exd5 7. cxd5 d6 8. e4
Nbd7 9. Qc2 a6 10. Be2 O-O 11. O-O Re8 12. Nd4 Bf8 13. b4 Rc8 14. Bb2 Ne5 15. h3
c5 16. dxc6 Nxc6 17. Nxc6 Rxc6 18. f3 b5 19. Qd2 Qe7 20. a4 bxa4 21. b5 axb5 22.
Bxb5 Ra8 23. Bxc6 Bxc6 24. Ba3 Qe5 25. Rfd1 h5 26. Qd4 Qf4 27. Rac1 {Black
resigns} 1-0

[Event "Team 45 45 League T67"]
[Site "Internet Chess Club"]
[Date "2015.12.13"]
[Round "2"]
[White "Signalman"]
[Black "sharky123"]
[Result "1-0"]
[WhiteElo "1851"]
[BlackElo "1809"]
[Opening "Queen's pawn, Mason variation"]
[ECO "D00"]
[Time "04:11:09"]
[TimeControl "2700+45"]

1. d4 d5 2. Bf4 Bf5 3. e3 c5 4. c3 e6 5. Nd2 Qb6 6. Qb3 Nc6 7. Qxb6 axb6 8. Bb5
Nf6 9. Ngf3 Be7 10. Ne5 Rc8 11. Nxc6 bxc6 12. Ba6 Rd8 13. O-O cxd4 14. cxd4 O-O
15. Rfc1 c5 16. Nf3 Ra8 17. Bb5 c4 18. Ne5 Nh5 19. Nc6 Rfe8 20. Nxe7+ Rxe7 21.
Bd6 Rea7 22. a4 Rd8 23. Bb4 Nf6 24. f3 Ne8 25. g4 Bg6 26. h4 h5 27. gxh5 Bxh5
28. Kg2 Nc7 29. Be7 Rc8 30. Bd7 Rb8 31. Bd6 Rd8 32. Bxc7 Rxc7 33. Bb5 Rdc8 34.
Ba6 Ra8 35. Bb5 Rca7 36. Rc3 Ra5 37. Bc6 R8a7 38. b4 cxb3 39. Rxb3 R5a6 40. Bb5
Ra5 41. Rc1 Ra8 42. Rc6 Rb8 43. Rbc3 Raa8 44. Bd3 Kf8 45. Bc2 Ke8 46. Kg3 Kd7
47. Rc7+ Kd8 48. Kf4 Rc8 49. Rxc8+ Rxc8 50. Rxc8+ Kxc8 51. e4 dxe4 52. fxe4 Bg6
53. Ke5 Kd7 54. Kf4 Kc6 55. Ke5 Kd7 56. Kf4 Ke7 57. Kg5 Kd7 58. h5 Bh7 59. h6
gxh6+ 60. Kxh6 Bg6 61. Bd3 Kd6 62. Kg5 e5 63. Kf6 exd4 64. e5+ Kd5 65. Bxg6 fxg6
66. e6 d3 67. e7 d2 68. e8=Q Kc4 69. Qe2+ Kc3 70. Qd1 Kb4 71. Kxg6 Ka5 72. Kf5
b5 73. axb5 Kxb5 74. Qxd2 {Black resigns} 1-0

[Event "Team 45 45 League T67"]
[Site "Internet Chess Club"]
[Date "2015.12.13"]
[Round "2"]
[White "Innes"]
[Black "MetaGod"]
[Result "0-1"]
[WhiteElo "1595"]
[BlackElo "1790"]
[Opening "Caro-Kann: Steinitz variation"]
[ECO "B17"]
[Time "08:45:32"]
[TimeControl "2700+45"]

1. e4 c6 2. d4 d5 3. Nc3 dxe4 4. Nxe4 Nd7 5. Bf4 Ngf6 6. Ng3 Nd5 7. Bd2 g6 8. c4
N5f6 9. Nf3 Bg7 10. Bc3 O-O 11. h4 Ng4 12. h5 e5 13. hxg6 fxg6 14. c5 Qe7 15.
Bc4+ Kh8 16. Qc2 exd4+ 17. Kf1 dxc3 18. Qxg6 Ndf6 19. Re1 Qxc5 20. Ne4 Qxc4+ 21.
Kg1 Qf7 22. Qxf7 Rxf7 23. Nfg5 Re7 24. f3 Bf5 25. fxg4 Bxe4 26. bxc3 Rae8 27.
Rf1 Kg8 28. Rh4 Bg6 29. Nf3 Re2 30. g5 Nd5 31. c4 Ne3 32. Rf2 Rxf2 33. Kxf2 Nf5
34. Rh1 Re4 35. Rd1 Rxc4 36. Rd8+ Bf8 37. Ne5 Rc2+ 38. Kg1 Rxa2 39. Nd7 Rd2 40.
Nf6+ Kf7 41. Rxd2 Bc5+ 42. Kh1 Ng3+ 43. Kh2 Nf1+ {White resigns} 0-1

[Event "Team 45 45 League T67"]
[Site "Internet Chess Club"]
[Date "2015.12.13"]
[Round "2"]
[White "watkins"]
[Black "tryanything"]
[Result "1/2-1/2"]
[WhiteElo "1607"]
[BlackElo "1601"]
[Opening "Scotch game"]
[ECO "C45"]
[Time "03:54:49"]
[TimeControl "2700+45"]

1. e4 e5 2. Nf3 Nc6 3. d4 exd4 4. Nxd4 Bc5 5. Nxc6 Qf6 6. Qd2 Qxc6 7. Bd3 d5 8.
exd5 Qd6 9. O-O Bd7 10. c4 O-O-O 11. Nc3 Nf6 12. a3 Bd4 13. b4 Bxc3 14. Qxc3 h5
15. h3 Kb8 16. Bg5 Rde8 17. Bxf6 gxf6 18. a4 Reg8 19. Kh1 Qf4 20. Rg1 Bxh3 21.
gxh3 Qf3+ 22. Kh2 Qxf2+ 23. Kh1 Qf3+ 24. Kh2 Qf2+ 25. Kh1 Qf3+ 26. Kh2 Qf2+ 27.
Kh1 {Game drawn by repetition} 1/2-1/2

[Event "Team 45 45 League T67"]
[Site "Internet Chess Club"]
[Date "2015.12.13"]
[Round "2"]
[White "swagnik"]
[Black "CaoCao"]
[Result "1/2-1/2"]
[WhiteElo "1880"]
[BlackElo "1905"]
[Opening "Caro-Kann: classical, Spassky variation"]
[ECO "B19"]
[Time "10:00:28"]
[TimeControl "2700+45"]

1. e4 c6 2. d4 d5 3. Nc3 dxe4 4. Nxe4 Bf5 5. Ng3 Bg6 6. h4 h6 7. Nf3 Nd7 8. h5
Bh7 9. Bd3 Bxd3 10. Qxd3 e6 11. Bd2 Ngf6 12. O-O-O Qc7 13. Ne4 Nxe4 14. Qxe4 Nf6
15. Qe2 Bd6 16. Ne5 O-O-O 17. c4 c5 18. Bc3 Bxe5 19. dxe5 Nd7 20. g4 Nb8 21. Qe3
b6 22. g5 Nc6 23. gxh6 gxh6 24. Rd6 Rhg8 25. Rhd1 Rg5 26. f4 Rf5 27. Qe4 Rxd6
28. Rxd6 Nb8 29. Qf3 Qb7 30. Rd8+ Kc7 31. Qxb7+ Kxb7 32. Rh8 Rxh5 33. Rh7 Rf5
34. Bd2 h5 35. Kd1 Nc6 36. Ke2 {Game drawn by mutual agreement} 1/2-1/2

[Event "Team 45 45 League T67"]
[Site "Internet Chess Club"]
[Date "2015.12.10"]
[Round "2"]
[White "achessman"]
[Black "sockbuf"]
[Result "1-0"]
[WhiteElo "1903"]
[BlackElo "1792"]
[Opening "French: Winawer (Nimzovich) variation"]
[ECO "C15"]
[Time "22:02:49"]
[TimeControl "2700+45"]

1. e4 e6 2. d4 d5 3. Nc3 Bb4 4. Qg4 Nf6 5. Qxg7 Rg8 6. Qh6 dxe4 7. Ne2 b6 8. Bg5
Rg6 9. Qh4 Bb7 10. O-O-O Nbd7 11. d5 exd5 12. Nxd5 Bxd5 13. Rxd5 Qe7 14. Nf4
Rxg5 15. Rxg5 O-O-O 16. Ba6+ Kb8 17. Rf5 e3 18. Kb1 exf2 19. Nd3 Bd6 20. Bb5 Ne4
21. Qxe7 Bxe7 22. Nxf2 Nd6 23. Bxd7 Rxd7 24. Rd5 Rd8 25. Re1 Bf6 26. Ng4 Bg7 27.
Ne5 Kb7 28. Nc4 {Black resigns} 1-0

[Event "Team 45 45 League T67"]
[Site "Internet Chess Club"]
[Date "2015.12.13"]
[Round "2"]
[White "rusano"]
[Black "Frankly"]
[Result "1-0"]
[WhiteElo "1697"]
[BlackElo "1693"]
[Opening "Trompowsky attack (Ruth, Opocenský opening)"]
[ECO "A45"]
[Time "14:00:14"]
[TimeControl "2700+45"]

1. d4 Nf6 2. Bg5 d6 3. Bxf6 exf6 4. e3 Be7 5. Bd3 O-O 6. h3 c5 7. c3 Nc6 8. Qc2
h6 9. Nd2 d5 10. dxc5 Bxc5 11. O-O-O a5 12. Ngf3 a4 13. a3 Ne5 14. Bb5 Qa5 15.
Bd3 Bd7 16. Nd4 b5 17. Kb1 Rfc8 18. Bf5 b4 19. Bxd7 Nxd7 20. cxb4 Bxb4 21. Qf5
Bxd2 22. Qxd7 Rc7 23. Qb5 Rc5 24. Qxa5 Bxa5 25. Rc1 Rac8 26. Rxc5 Rxc5 27. Rc1
Rxc1+ 28. Kxc1 Be1 29. f3 Ba5 30. Nc6 Bb6 31. Ne7+ Kf8 32. Nxd5 Ba7 33. e4 Ke8
34. Nc3 Kd7 35. Nxa4 Kc6 36. Kc2 Kb5 37. Nc3+ Kc4 38. Nd5 f5 39. b3+ Kd4 40. Nc7
Bb8 41. Nb5+ Ke5 42. exf5 Kxf5 43. Nd4+ Kf6 44. Kd3 Bd6 45. a4 Ke7 46. Kc4
{Black resigns} 1-0

[Event "Team 45 45 League T67"]
[Site "Internet Chess Club"]
[Date "2015.12.14"]
[Round "2"]
[White "Constrictor"]
[Black "SilentKnight"]
[Result "0-1"]
[WhiteElo "1579"]
[BlackElo "1703"]
[Opening "Grünfeld with Bf4 & e3"]
[ECO "D93"]
[Time "20:03:58"]
[TimeControl "2700+45"]

1. Nf3 Nf6 2. d4 g6 3. c4 Bg7 4. Nc3 d5 5. Bf4 O-O 6. e3 c5 7. dxc5 Qa5 8. Rc1
dxc4 9. Bxc4 Nbd7 10. O-O Nxc5 11. Qe2 Be6 12. Bxe6 Nxe6 13. Be5 Rac8 14. Qb5
Qxb5 15. Nxb5 Nd5 16. Bxg7 Kxg7 17. Rfd1 Nb6 18. g3 a6 19. Nbd4 Nc5 20. Rc2 Nca4
21. Rdc1 Nxb2 22. Rxc8 Rxc8 23. Rb1 N6c4 24. Ne5 Nxe5 25. Rxb2 b5 26. Rc2 Rxc2
27. Nxc2 Nc4 28. Kf1 e5 29. Ke2 e4 30. Nb4 a5 31. Nd5 f5 32. Kd1 Ne5 33. h3 Nd3
34. Nf4 Nxf2+ 35. Ke2 Nd3 36. Nxd3 exd3+ 37. Kxd3 Kf6 38. Kd4 g5 39. Kc5 h5 40.
Kxb5 h4 41. gxh4 g4 42. hxg4 fxg4 43. h5 g3 44. h6 g2 45. h7 Kg7 46. Kxa5 g1=Q
{White resigns} 0-1

[Event "Team 45 45 League T67"]
[Site "Internet Chess Club"]
[Date "2015.12.13"]
[Round "2"]
[White "houseofcook"]
[Black "bluesun"]
[Result "0-1"]
[WhiteElo "1410"]
[BlackElo "1516"]
[Opening "Sicilian: Grand Prix attack"]
[ECO "B23"]
[Time "13:00:34"]
[TimeControl "2700+45"]

1. e4 c5 2. Nc3 Nc6 3. f4 g6 4. Bb5 Nd4 5. Nf3 Bg7 6. O-O Nxb5 7. Nxb5 d6 8. Nc3
e6 9. d3 Ne7 10. Kh1 O-O 11. Qe1 d5 12. Qh4 f5 13. Ng5 h6 14. Nf3 fxe4 15. dxe4
d4 16. Ne2 e5 17. f5 gxf5 18. Bxh6 Ng6 19. Qxd8 Rxd8 20. Bxg7 Kxg7 21. Ng3 f4
22. Nf5+ Kf6 23. N3h4 Nxh4 24. Nxh4 Rh8 25. Nf3 b5 26. b3 Bb7 27. Nd2 Rag8 28.
Rf3 Rh4 29. Rg1 Rgh8 30. h3 Bc8 31. Rf2 Rg8 32. Nf3 Rh7 33. h4 Rg3 34. Rd1 Bg4
35. Kg1 Bxf3 36. Rxf3 Rxf3 37. gxf3 Rxh4 38. Kg2 a5 39. Rd3 Rh8 40. c4 Rb8 41.
cxb5 Rxb5 42. a3 Rb8 43. Kf2 a4 44. bxa4 Rb2+ 45. Ke1 c4 46. Rd2 c3 47. Rd1 Ra2
48. Rb1 Rxa3 49. Rb6+ Kg5 50. Rb5 d3 51. Rxe5+ Kh4 52. Re8 Kg3 {White resigns}
0-1

[Event "Team 45 45 League T67"]
[Site "Internet Chess Club"]
[Date "2015.12.12"]
[Round "2"]
[White "smsxman"]
[Black "EFXBT"]
[Result "0-1"]
[WhiteElo "1391"]
[BlackElo "1493"]
[Opening "Sicilian defense"]
[ECO "B30"]
[Time "10:00:14"]
[TimeControl "2700+45"]

1. e4 c5 2. Nf3 Nc6 3. Nc3 g6 4. Bb5 Bg7 5. Bxc6 dxc6 6. d4 cxd4 7. Ne2 c5 8.
O-O Nf6 9. Ng3 O-O 10. Qe2 b6 11. Bg5 Bb7 12. Rfd1 Qc7 13. e5 Bxf3 14. gxf3 Nd7
15. Bxe7 Rfe8 16. Bd6 Qd8 17. f4 Nb8 18. Qf3 Na6 19. c3 dxc3 20. bxc3 Nc7 21.
Bxc5 Qc8 22. Bd4 Nb5 23. a4 Nxd4 24. cxd4 Rd8 25. Rac1 Qa6 26. Ra1 Rac8 27. Ne4
Qa5 28. Nd6 Rc3 29. Qe2 Qb4 30. Qa2 Rxd6 31. exd6 Qxd6 32. Qd2 Rc4 33. Qe3 Bxd4
34. Qe8+ Kg7 35. Qb5 Bxf2+ 36. Kxf2 Qxf4+ 37. Ke2 Qe4+ 38. Kd2 Qd4+ 39. Ke1 Qe3+
40. Kf1 Rf4+ 41. Kg2 Rf2+ 42. Kh1 Qf3+ 43. Kg1 Qg2# {White checkmated} 0-1

[Event "Team 45 45 League T67"]
[Site "Internet Chess Club"]
[Date "2015.12.11"]
[Round "2"]
[White "princevultan2"]
[Black "sdcohle"]
[Result "0-1"]
[WhiteElo "1187"]
[BlackElo "1470"]
[Opening "French: Rubinstein variation"]
[ECO "C10"]
[Time "21:00:29"]
[TimeControl "2700+45"]

1. e4 e6 2. d4 d5 3. Nc3 dxe4 4. Nxe4 Nd7 5. Nf3 Ngf6 6. Bd3 b6 7. c3 Bb7 8. Qe2
Be7 9. Bf4 c5 10. O-O cxd4 11. cxd4 O-O 12. Rac1 Rc8 13. Rxc8 Qxc8 14. Rc1 Qa8
15. Bd6 Bxd6 16. Nxd6 Bxf3 17. gxf3 Nd5 18. Be4 N7f6 19. Bxd5 Qxd5 20. Nc4 Qg5+
21. Kh1 Qxc1+ 22. Kg2 Qf4 23. Na3 Qxd4 24. Nb5 Qa4 25. a3 Nd5 26. Nd6 Nf4+ 27.
Kf1 Nxe2 28. Kxe2 Qc2+ 29. Ke3 Qc5+ 30. Ke4 Qxd6 {White resigns} 0-1

[Event "Team 45 45 League T67"]
[Site "Internet Chess Club"]
[Date "2015.12.09"]
[Round "2"]
[White "Mitochondria"]
[Black "QuieroAprender"]
[Result "0-1"]
[WhiteElo "1511"]
[BlackElo "1636"]
[Opening "Benkö gambit: Zaitsev system"]
[ECO "A57"]
[Time "20:10:21"]
[TimeControl "2700+45"]

1. d4 Nf6 2. c4 c5 3. d5 b5 4. cxb5 a6 5. Nc3 axb5 6. Nxb5 Ne4 7. Bd2 Bb7 8. Nc3
Nxd2 9. Qxd2 d6 10. Nf3 e6 11. e3 Be7 12. Bb5+ Nd7 13. O-O O-O 14. a4 Nb6 15. e4
exd5 16. exd5 Bf6 17. a5 Nd7 18. a6 Bc8 19. a7 Qb6 20. Bc6 Rxa7 21. Rxa7 Qxa7
22. Nb5 Qb8 23. Ng5 Ne5 24. b3 Nxc6 25. dxc6 Qxb5 26. Ne4 Qxc6 27. Re1 Bd4 28.
Qf4 Be5 29. Qf3 Bb7 30. Qf5 g6 31. Qh3 Qc8 32. Qh6 Bxe4 33. Rxe4 Qa8 34. g3 Qxe4
{White resigns} 0-1

[Event "Team 45 45 League T67"]
[Site "Internet Chess Club"]
[Date "2015.12.11"]
[Round "2"]
[White "drsigmund1"]
[Black "Zyme"]
[Result "1-0"]
[WhiteElo "1505"]
[BlackElo "1342"]
[Opening "King's Indian: London system"]
[ECO "A48"]
[Time "21:01:08"]
[TimeControl "2700+45"]

1. d4 Nf6 2. Nf3 g6 3. Bf4 Bg7 4. Nc3 O-O 5. e4 d6 6. Qd2 Nbd7 7. O-O-O c5 8.
Bh6 cxd4 9. Nxd4 Nc5 10. Bxg7 Kxg7 11. f3 Bd7 12. h4 Rc8 13. h5 a6 14. hxg6 fxg6
15. Qh6+ Kf7 16. Bc4+ Be6 17. Bxe6+ Nxe6 18. Nxe6 Kxe6 19. e5 Ne8 20. exd6 Nxd6
21. Qxh7 Qa5 22. Qxg6+ Rf6 23. Qg4+ Nf5 24. Qe4+ Kf7 25. Qxb7 Rc7 26. Qd5+ Qxd5
27. Nxd5 Rc4 28. Nxf6 Kxf6 29. g4 Ne3 30. Rd2 Kg5 31. Re2 Kf4 32. Rhe1 Nd5 33.
b3 Rc3 34. Rd2 Ne3 35. Rd4+ Kxf3 36. Rd3 Rxc2+ 37. Kb1 Re2 38. Rxe2 Kxe2 39. Rd7
Nxg4 40. Rxe7+ Kd3 41. Ra7 Kc3 42. Rxa6 Ne5 43. Re6 Nd3 44. Re3 Kd4 45. Rxd3+
Kxd3 46. Kb2 Kd4 47. Ka3 Kc5 48. Ka4 Kb6 49. Kb4 Kb7 50. Kb5 Ka7 51. b4 Kb7 52.
a4 Ka7 53. Kc6 Ka6 54. b5+ Ka7 55. a5 Kb8 56. a6 Ka8 57. Kc7 Ka7 58. b6+ Ka8 59.
b7+ Ka7 60. b8=Q+ Kxa6 61. Qb6# {Black checkmated} 1-0

[Event "Team 45 45 League T67"]
[Site "Internet Chess Club"]
[Date "2015.12.11"]
[Round "2"]
[White "AlPearson"]
[Black "Andaluz"]
[Result "1-0"]
[WhiteElo "1456"]
[BlackElo "1357"]
[Opening "Sicilian: Smith-Morra gambit"]
[ECO "B21"]
[Time "14:00:39"]
[TimeControl "2700+45"]

1. e4 c5 2. d4 cxd4 3. c3 dxc3 4. Nxc3 e6 5. Bf4 Nc6 6. Nf3 a6 7. Be2 Be7 8. O-O
h6 9. Ne5 Nxe5 10. Bxe5 Nf6 11. Rc1 O-O 12. Rc2 Qa5 13. Bd6 Bxd6 14. Qxd6 Qd8
15. Na4 Nxe4 16. Qb4 d5 17. Nb6 Rb8 18. Rfc1 Qd6 19. Qb3 Bd7 20. Nxd7 Qxd7 21.
Rc7 Qd8 22. Rxb7 Nd6 23. Rxb8 Qxb8 24. Qa3 a5 25. g3 Qb4 26. Qxb4 axb4 27. Rc6
b3 28. a3 Nc4 29. Bxc4 dxc4 30. Rxc4 Rb8 31. Kf1 Kf8 32. Rc7 Ke8 33. Ke2 h5 34.
a4 Ra8 35. Rc4 Kd7 36. Kd3 Ra5 37. Kc3 {Black forfeits on time} 1-0

[Event "Team 45 45 League T67"]
[Site "Internet Chess Club"]
[Date "2015.12.14"]
[Round "2"]
[White "olivermx"]
[Black "artspir"]
[Result "1-0"]
[WhiteElo "1326"]
[BlackElo "1180"]
[Opening "Caro-Kann defense"]
[ECO "B10"]
[Time "16:00:20"]
[TimeControl "2700+45"]

1. e4 c6 2. c3 d5 3. d4 dxe4 4. Bg5 Nf6 5. Nd2 h6 6. Bxf6 gxf6 7. Nxe4 Nd7 8.
Nf3 Bg7 9. Bc4 f5 10. Ng3 e6 11. O-O Nf6 12. Re1 O-O 13. Qd2 b5 14. Bd3 Bd7 15.
Ne5 Qc7 16. Nxd7 Qxd7 17. Qf4 c5 18. Rad1 c4 19. Bxf5 Rae8 20. Bg4 Nd5 21. Qd2
f5 22. Bf3 Nf6 23. Nh5 Nxh5 24. Bxh5 Re7 25. Qf4 Qd5 26. Qg3 f4 27. Qg4 Qg5 28.
Qxg5 hxg5 29. Bg4 e5 30. dxe5 Bxe5 31. Rd5 Bf6 32. Rxe7 Bxe7 33. Rxb5 Re8 34. h3
Bd6 35. Rxg5+ Kf8 36. g3 Re1+ 37. Kg2 fxg3 38. fxg3 Re3 39. Bf3 Kf7 40. Rd5 Be5
41. Rd7+ Kf6 42. Rxa7 Re1 43. g4 Rc1 44. Be4 Rd1 45. Kf3 Rd2 46. Rb7 Rh2 47. Rb4
Kg5 48. Rxc4 Rxh3+ 49. Ke2 Rh2+ 50. Kd3 Rh3+ 51. Kc2 Rh2+ 52. Kb3 Kxg4 53. a4
Rh8 54. a5 Rb8+ 55. Rb4 Rc8 56. Bb7+ {Black resigns} 1-0

[Event "Team 45 45 League T67"]
[Site "Internet Chess Club"]
[Date "2015.12.13"]
[Round "2"]
[White "unclevinny"]
[Black "Sparkle"]
[Result "0-1"]
[WhiteElo "1580"]
[BlackElo "1413"]
[Opening "Ruy Lopez: Classical defense deferred"]
[ECO "C70"]
[Time "13:00:33"]
[TimeControl "2700+45"]

1. e4 e5 2. Nf3 Nc6 3. Bb5 a6 4. Ba4 Bc5 5. O-O d6 6. c3 Nf6 7. Re1 O-O 8. d4
exd4 9. Nxd4 Ne5 10. h3 Bd7 11. Nd2 h6 12. N2f3 Bxa4 13. Qxa4 Nd3 14. Re2 Nxc1
15. Rxc1 Re8 16. Rce1 Qd7 17. Qd1 Nh5 18. Qd2 Re7 19. g4 Nf6 20. e5 dxe5 21.
Nxe5 Qd5 22. Nf5 Rxe5 23. Qxd5 Rxd5 24. b4 Bd6 25. Ne7+ Bxe7 26. Rxe7 Rc8 27.
R1e3 Rd2 28. Re2 Rd3 29. R7e3 Rxe3 30. Rxe3 Nd5 31. Rd3 c6 32. a3 Re8 33. c4 Nb6
34. Kf1 Nxc4 {White resigns} 0-1

[Event "Team 45 45 League T67"]
[Site "Internet Chess Club"]
[Date "2015.12.13"]
[Round "2"]
[White "ethan0627"]
[Black "KidRattler"]
[Result "0-1"]
[WhiteElo "1413"]
[BlackElo "1751"]
[Opening "Scandinavian defense"]
[ECO "B01"]
[Time "15:05:21"]
[TimeControl "2700+45"]

1. e4 d5 2. exd5 Nf6 3. d4 Bf5 4. Nf3 c6 5. dxc6 Nxc6 6. c3 e6 7. Be2 Bd6 8. O-O
h5 9. Bg5 Qc7 10. Bxf6 gxf6 11. h3 O-O-O 12. Nbd2 Rdg8 13. Nc4 Bxh3 14. Ne3 Bf4
15. Kh1 Bxe3 16. gxh3 Bf4 17. Rg1 Qd7 18. Rxg8+ Rxg8 19. Qd3 e5 20. Rg1 Qxh3+
21. Nh2 Qxh2# {White checkmated} 0-1

[Event "Team 45 45 League T67"]
[Site "Internet Chess Club"]
[Date "2015.12.13"]
[Round "2"]
[White "Just-Jim"]
[Black "DineshB"]
[Result "0-1"]
[WhiteElo "1286"]
[BlackElo "1220"]
[Opening "Giuoco Pianissimo"]
[ECO "C50"]
[Time "17:00:26"]
[TimeControl "2700+45"]

1. e4 e5 2. Nf3 Nc6 3. Bc4 Bc5 4. d3 d6 5. Ng5 Nh6 6. Qh5 Qf6 7. Nf3 Bg4 8. Qh4
Qxh4 9. Nxh4 Nd4 10. Bb3 Be6 11. c3 Nxb3 12. axb3 Ng4 13. O-O Bxb3 14. Nf5 g6
15. Nh6 Nxh6 16. Bxh6 Bc2 17. Nd2 Bxd3 18. Rfe1 a6 19. Nf3 Ke7 20. Bg5+ f6 21.
Be3 Bxe3 22. Rxe3 Bc4 23. Ra4 d5 24. exd5 Bxd5 25. Ra5 Rhd8 26. Ne1 Be6 27. Ra4
Rd2 28. Rh4 h5 29. Rg3 Bg4 30. f3 g5 31. fxg4 gxh4 32. Rh3 hxg4 33. Rxh4 Rad8
34. Rh7+ Ke6 35. Rxc7 Rxb2 36. Rg7 Rd1 37. Kf1 Kf5 38. Rh7 Kf4 39. Rh6 Ke3 40.
Rg6 Rf2+ {White resigns} 0-1

[Event "Team 45 45 League T67"]
[Site "Internet Chess Club"]
[Date "2015.12.12"]
[Round "2"]
[White "justice02"]
[Black "LazyPeon"]
[Result "0-1"]
[WhiteElo "1599"]
[BlackElo "1796"]
[Opening "Sicilian defense"]
[ECO "B40"]
[Time "15:00:15"]
[TimeControl "2700+45"]

1. e4 c5 2. Nf3 e6 3. c3 d5 4. Bb5+ Nc6 5. Qe2 dxe4 6. Qxe4 Nf6 7. Qe2 Bd7 8.
O-O Bd6 9. Na3 a6 10. Ba4 b5 11. Bd1 O-O 12. d3 e5 13. Ng5 h6 14. Ne4 Be6 15.
Qf3 Nd5 16. Nc2 f5 17. Nxd6 Qxd6 18. Re1 Nf6 19. h3 Bd5 20. Qg3 Kh7 21. b3 f4
22. Qh2 g5 23. Bb2 Rae8 24. c4 Bf7 25. cxb5 axb5 26. Be2 Bg6 27. Rad1 Nd4 28.
Nxd4 exd4 29. Bc1 Nd5 30. h4 Kg7 31. Bd2 Re7 32. hxg5 hxg5 33. Qh3 Rh8 34. Qg4
Qf6 35. Bf3 Bf5 36. Bxd5 Bxg4 37. Rxe7+ Qxe7 38. Re1 Qf6 39. f3 Bf5 40. b4 Qh6
41. Re7+ Kf6 42. Rc7 Qh2+ 43. Kf2 Qg3+ 44. Ke2 Qxg2+ 45. Kd1 Qf1+ 46. Be1 Qxd3+
{White resigns} 0-1

[Event "Team 45 45 League T67"]
[Site "Internet Chess Club"]
[Date "2015.12.13"]
[Round "2"]
[White "pokerram"]
[Black "zepled37"]
[Result "0-1"]
[WhiteElo "1665"]
[BlackElo "1715"]
[Opening "Réti: King's Indian attack"]
[ECO "A05"]
[Time "12:08:33"]
[TimeControl "2700+45"]

1. Nf3 Nf6 2. g3 g6 3. b3 Bg7 4. Bb2 O-O 5. Bg2 c5 6. c4 Nc6 7. d3 d5 8. cxd5
Nxd5 9. Bxg7 Kxg7 10. O-O e5 11. Nfd2 Be6 12. Ne4 b6 13. Nec3 Rc8 14. Nxd5 Bxd5
15. e4 Be6 16. f4 Qd4+ 17. Kh1 Qxa1 18. f5 Bd7 19. f6+ Kh8 20. Qd2 Qd4 21. Qh6
Rg8 22. Nd2 g5 23. Nf3 Rg6 24. Qh5 Qd6 25. Nxg5 Rxg5 26. Qxg5 Rg8 27. Qh5 Rg6
28. Qh4 Qf8 29. Qh5 Bg4 30. Qh4 Qh6 31. Qxh6 Rxh6 32. h4 Nd4 33. Kh2 Rg6 34. h5
Bxh5 35. Bh3 Bg4 36. Bxg4 Rxg4 37. b4 Rg6 38. bxc5 bxc5 39. Rc1 Rxf6 40. Rxc5
Ra6 41. Kh3 f6 42. Rc7 Rxa2 43. Kg4 Kg8 44. Rc8+ Kg7 45. Rc7+ Kg6 46. Kh3 a5 47.
Rc8 a4 48. Rg8+ Kf7 49. Ra8 a3 50. Ra7+ Kg6 51. Ra8 Ra1 52. Kg2 a2 53. Rg8+ Kf7
54. Ra8 Ne2 55. Ra7+ Kg6 {White resigns} 0-1

[Event "Team 45 45 League T67"]
[Site "Internet Chess Club"]
[Date "2015.12.12"]
[Round "2"]
[White "Grenadier"]
[Black "idjit"]
[Result "1-0"]
[WhiteElo "1613"]
[BlackElo "1592"]
[Opening "Sicilian: closed"]
[ECO "B23"]
[Time "15:00:18"]
[TimeControl "2700+45"]

1. e4 c5 2. Nc3 a6 3. g3 Nc6 4. Bg2 Nf6 5. d3 e6 6. f4 b5 7. e5 Ng8 8. Be3 d5 9.
exd6 Qxd6 10. Ne4 Qd5 11. Nf6+ {Black resigns} 1-0

[Event "Team 45 45 League T67"]
[Site "Internet Chess Club"]
[Date "2015.12.13"]
[Round "2"]
[White "bayoumicardio10"]
[Black "bmw2002"]
[Result "1-0"]
[WhiteElo "1767"]
[BlackElo "1510"]
[Opening "Caro-Kann: exchange, Rubinstein variation"]
[ECO "B13"]
[Time "18:03:00"]
[TimeControl "2700+45"]

1. e4 c6 2. d4 d5 3. exd5 cxd5 4. Bd3 Nc6 5. c3 Nf6 6. Bf4 Bg4 7. Qb3 e6 8. Qxb7
Na5 9. Bb5+ Nd7 10. Bxd7+ Qxd7 11. Qxa8+ Ke7 12. Qb8 Nc6 13. Qc7 Ke8 14. Qxd7+
Kxd7 15. Nd2 Be7 16. Ngf3 h5 17. O-O f6 18. h4 a5 19. Rfe1 a4 20. b3 Ba3 21.
bxa4 Bb2 22. Rab1 Bxc3 23. Rb7+ Kd8 24. Rc1 Bxd2 25. Nxd2 Nxd4 26. Rb8+ Ke7 27.
Rc7# {Black checkmated} 1-0